cohdb
Replays
Latest Replays
All Replays
Popular Replays
Top Player Replays
Match Explorer
How It Works
Community
CoH3 Stats
Reddit
Sign in to upload your games and track your stats! →
Sign in with Steam
Match 47027873
Unlisted
Match 47027873
Overview
Messages
Build Orders
End
Construct Infanterie Kompanie
Kettenkrad Recon Vehicle
Grenadier Squad
Grenadier Squad
Construct Panzergrenadier Kompanie
Panzergrenadier Squad
MG 42 Machine Gun Team
251 Medium Carrier
Pak 40 Anti-tank Gun Team
Support Elements
Selects Breakthrough Battlegroup
Selects Assault Grenadiers
Selects Breakthrough
Selects Incendiary Bombing Run
Incendiary Bombing Run
Nebelwerfer 42 Rocket Launcher Team
Nebelwerfer 42 Rocket Launcher Team
Selects Rapid Production
StuG III G Assault Gun
Incendiary Bombing Run
Pioneer Squad
sharinGun
Sir Ringe
[BRE] Cadwur
BertsArmy
crywo1f
YurgusPurgus
0
0
Comments
sign in to comment!
No comments posted yet!